 Dungeon Crawl Stone Soup version 0.23.1 (webtiles) character file.

Game seed: 10711864928438487418

104 Borgoz the Skirmisher (level 4, -3/40 HPs)
             Began as a Ghoul Monk on Mar 16, 2019.
             Slain by a goblin
             ... wielding a +2 dagger of electrocution
             ... led by Robin
              (13 damage)
             ... on level 1 of the Dungeon.
             The game lasted 00:04:10 (1881 turns).

Borgoz the Skirmisher (Ghoul Monk)                  Turns: 1881, Time: 00:04:11

Health: -3/40      AC:  6    Str: 14    XL:     4   Next: 80%
Magic:  3/3        EV: 12    Int:  8    God:
Gold:   142        SH:  0    Dex: 12    Spells: 3/3 levels left

rFire    + . .     SeeInvis .   a - +0 short sword
rCold    + . .     Gourm    .   (no shield)
rNeg     + + +     Faith    .   i - +0 ring mail
rPois    ∞         Spirit   .   f - +1 hat {Int+3}
rElec    .         Reflect  .   (no cloak)
rCorr    .         Harm     .   (no gloves)
MR       +....                  (no boots)
Stlth    +.........             (no amulet)
HPRegen  0.00/turn              e - ring of protection from fire
MPRegen  0.08/turn              l - ring of protection from magic

@: rotting
A: rotting body, claws 1, carnivore, cold resistance 1, negative energy
resistance 3, inhibited regeneration, torment resistance, unbreathing
a: no special abilities


You were on level 1 of the Dungeon.
You were not hungry.

You visited 1 branch of the dungeon, and saw 2 of its levels.

You collected 142 gold pieces.

Inventory:

Hand Weapons
 a - a +0 short sword (weapon)
Armour
 f - a +1 hat of intelligence (worn)
 i - a +0 ring mail (worn)
Jewellery
 e - a ring of protection from fire (left claw)
 g - an uncursed ring of magical power
 l - a ring of protection from magic (right claw)
Scrolls
 b - 3 scrolls of identify {unknown}
 j - a scroll of amnesia {unknown}
 n - 3 scrolls of teleportation {unknown}
 o - a scroll of magic mapping {unknown}
 p - a scroll of noise {unknown}
Potions
 h - a potion of lignification
 k - a potion of brilliance {unknown}
Comestibles
 c - 7 rations


   Skills:
 + Level 3.9 Fighting
 * Level 3.4 Short Blades
 * Level 1.5 Armour
 * Level 3.3 Dodging
 + Level 2.6 Stealth


You had 3 spell levels left.
You didn't know any spells.
Your spell library was empty.

Dungeon Overview and Level Annotations

Branches:
Dungeon (2/15)

Altars:
Trog

Annotations:
D:2 Robin


Innate Abilities, Weirdness & Mutations

Your body is rotting away.
You thrive on raw meat.
You are immune to poison.
You have sharp fingernails.
You are carnivorous and can eat meat at any time.
Your flesh is cold resistant. (rC+)
You are immune to negative energy. (rN+++)
You do not regenerate when monsters are visible.
You are immune to unholy pain and torment.
You can survive without breathing.


Message History

The goblin hits you with a +2 dagger of electrocution.
You are electrocuted!!
The hobgoblin closely misses you. The hobgoblin hits you with a +0 club.
* * * LOW HITPOINT WARNING * * *
Okay, then.
It was a potion of curing.
You feel better. The goblin closely misses you.
You barely miss the goblin.
The goblin hits you with a +2 dagger of electrocution.
You feel better. The goblin hits you but does no damage.
You are electrocuted!
* * * LOW HITPOINT WARNING * * *
It was a potion of lignification.
You feel woody for a moment.
The goblin no longer looks unusually strong.
The hobgoblin no longer looks unusually strong. x2
The goblin hits you but does no damage.
You hit the goblin.
The goblin is heavily wounded.
The goblin hits you with a +2 dagger of electrocution.
* * * LOW HITPOINT WARNING * * *
You are electrocuted!
You die...

#..............
#..#.##.#.#..##
#..#..#.#....#
####..#..#.###..## ###
#................. #.#
####g.#....###..## #.#
#..............
#.######..#...........
#....@ggg.#.........#.
#.######.##.#..##.....
#.# #.##.#..##.#.#.
#.# ##.............
#.# #.#.#..####.#. #.#
#.#.#..#....#. #.#
#.#.#..#....#. #.#
####.#.#..#....#.
#.####.##.#.#..######.


You could see 2 hobgoblins and a goblin.

Vanquished Creatures
  3 adders
  3 oozes
  2 dart slugs (D:1)
  A leopard gecko (D:1)
  5 bats
  3 giant cockroaches (D:1)
  11 goblins
  7 hobgoblins
  4 jackals (D:1)
  3 frilled lizards (D:1)
  8 kobolds
  7 rats
57 creatures vanquished.

Notes
Turn   | Place    | Note
-------+----------+-------------------------------------------
     0 | D:1      | Borgoz the Ghoul Monk began the quest for the Orb.
     0 | D:1      | Reached XP level 1. HP: 19/19 MP: 0/0
    95 | D:1      | Reached XP level 2. HP: 22/24 MP: 1/1
   273 | D:1      | Reached XP level 3. HP: 26/31 MP: 2/2
   330 | D:1      | Reached skill level 1 in Armour
  1214 | D:1      | Reached XP level 4. HP: 34/38 MP: 3/3
  1574 | D:2      | Found a bloodstained altar of Trog.
  1750 | D:2      | Noticed Robin
  1881 | D:1      | Slain by a goblin

Skill      XL: |  1  2  3 |
---------------+----------+-----
Short Blades   | 3 |  3.4
Armour         | 1 |  1.5
Dodging        | 3 |  3.3
Fighting       | |  3.9
Stealth        | |  2.6

Action                   |  1- 3 |  4- 6 || total
-------------------------+-------+-------++-------
Melee: Short sword       |   125 |   100 ||   225
  Use: Potion            |       |     3 ||     3
 Stab: Sleeping          |     3 |     1 ||     4
  Eat: Chunk             |     6 |    18 ||    24
Armor: Robe              |    14 |       ||    14
       Ring mail         |    26 |    53 ||    79
Dodge: Dodged            |    84 |    80 ||   164
